 Dungeon Crawl Stone Soup version 0.26-a0-505-g732bf3b8d2 (webtiles) character file.

Game seed: 10741732415958073271

12346 KristoblXynda the Nimble (level 11, -2/75 HPs)
             Began as a Vampire Gladiator on Aug 9, 2020.
             Was an Initiate of Gozag.
             Slain by an orc warrior
             ... wielding a +2 dire flail of holy wrath
              (14 damage)
             ... on level 11 of the Dungeon.
             The game lasted 00:21:08 (11045 turns).

KristoblXynda the Nimble (Vampire Gladiator)       Turns: 11045, Time: 00:21:10

Health: -2/75      AC: 13    Str: 15    XL:     11   Next: 61%
Magic:  11/11      EV: 16    Int: 12    God:    Gozag
Gold:   1487       SH: 10    Dex: 16    Spells: 10/10 levels left

rFire    + . .     SeeInvis +   I - +2 scimitar (freeze)
rCold    . . .     Faith    .   m - +0 buckler
rNeg     . . .     Spirit   .   s - +0 scale mail
rPois    .         Reflect  +   B - +0 mask of the Dragon {MR+ Slay+3 SInv}
rElec    .         Harm     .   v - +2 cloak
rCorr    .                      (no gloves)
MR       ++...                  w - +1 pair of boots
Stlth    ++++++....             i - amulet of reflection
HPRegen  0.42/turn              H - ring of Shadows {Umbra +Inv Stlth+}
MPRegen  0.12/turn              E - ring of protection from fire

@: regenerating quickly, wreathed by umbra
A: fangs 3, see invisible, unbreathing
a: Exsanguinate, Potion Petition, Call Merchant, Bribe Branch, Renounce
Religion, Evoke Invisibility


You were on level 11 of the Dungeon.
You worshipped Gozag.
Gozag was most pleased with you.
You visited 3 branches of the dungeon, and saw 13 of its levels.

You collected 2345 gold pieces.
You spent 812 gold pieces at shops.
You paid 46 gold pieces to Gozag.

Inventory:

Hand Weapons
 a - a +2 scimitar of flaming
 I - a +2 scimitar of freezing (weapon)
Missiles
 d - 8 throwing nets (quivered)
Armour
 m - a +0 buckler (worn)
 s - a +0 scale mail (worn)
 v - a +2 cloak (worn)
 w - a +1 pair of boots (worn)
 B - the +0 mask of the Dragon (worn) {MR+ Slay+3 SInv}
   (You bought it in a shop on level 5 of the Dungeon)

   It affects your accuracy and damage with ranged weapons and melee attacks
   (+3).
   It affects your resistance to hostile enchantments.
   It lets you see invisible.
Jewellery
 i - an amulet of reflection (around neck)
 E - a ring of protection from fire (right hand)
 H - the ring of Shadows (left hand) {Umbra +Inv Stlth+}
   (You found it on level 8 of the Dungeon)

   [ring of stealth]

   It lets you turn invisible.
   It makes you more stealthy.
Wands
 q - a wand of digging (12)
Scrolls
 g - 9 scrolls of teleportation
 j - a scroll of fear
 k - a scroll of amnesia
 n - a scroll of enchant armour
 o - 3 scrolls of remove curse
 r - 2 scrolls of enchant weapon
 A - 2 scrolls of identify
 F - a scroll of magic mapping
 K - a scroll of vulnerability
Potions
 b - 2 potions of stabbing
 c - a potion of invisibility
 f - a potion of heal wounds
 l - 3 potions of brilliance
 p - 10 potions of curing
 t - 3 potions of mutation
 u - a potion of cancellation
 z - a potion of magic
 D - a potion of might
 J - 2 potions of flight
 L - a potion of ambrosia
Miscellaneous
 C - a phantom mirror


   Skills:
 - Level 3.5 Fighting
 + Level 9.9 Long Blades
 - Level 2.0 Throwing
 + Level 7.3 Armour
 + Level 10.7 Dodging
 - Level 10.3 Stealth
 - Level 4.2 Shields
 + Level 3.2 Evocations


You had 10 spell levels left.
You didn't know any spells.
Your spell library contained the following spells:

 Spells                   Type           Power        Failure   Level
 Animate Skeleton         Necr           #.....       73%         1
 Apportation              Tloc           #.....       73%         1
 Corona                   Hex            #......      73%         1
 Sting                    Tmut/Pois      #...         73%         1
 Summon Small Mammal      Summ           #...         73%         1
 Poisonous Vapours        Pois/Air       #.....       86%         2
 Ignite Poison            Fire/Tmut/Pois #.......     97%         3
 Mephitic Cloud           Conj/Pois/Air  #.......     97%         3
 Olgreb's Toxic Radiance  Pois           #.......     100%        4
 Bolt of Magma            Conj/Fire/Erth #.........   100%        5
 Iskenderun's Battlesphe  Conj           #.......     100%        5
 Iron Shot                Conj/Erth      #.........   100%        6
 Haunt                    Necr/Summ      #.........   100%        7
 Orb of Destruction       Conj           #.........   100%        7
 Spellforged Servitor     Conj/Summ      #.........   100%        7
 Infestation              Necr           #.........   100%        8
 Borgnjor's Revivificati  Necr           Unusable     N/A         8
 Necromutation            Tmut/Necr      Unusable     N/A         8
 Death's Door             Necr           Unusable     N/A         9

Dungeon Overview and Level Annotations

Branches:
Dungeon (11/15)            Temple (1/1) D:6            Lair (1/6) D:10
    Orc (0/2) D:10

Altars:
Ashenzari
Cheibriados
Dithmenos
Elyvilon
Fedhas
Gozag
Hepliaklqana
Kikubaaqudgha
Makhleb
Nemelex Xobeh
Okawaru
Qazlal
Ru
Sif Muna
Trog
Uskayaw
Vehumet
Wu Jian
Xom
Yredelemnul
Zin
The Shining One

Shops:
D:5 [((   D:6 ?


Innate Abilities, Weirdness & Mutations

Your natural rate of healing is unusually fast.
You have razor-sharp teeth.
You have supernaturally acute eyesight. (SInv)
You can survive without breathing.


Message History

Things that are here:
12 gold pieces; a scroll of amnesia You feel sick.
The orc warrior throws a stone.
The stone barely misses you.
Things that are here:
16 gold pieces; a +0 shortbow; 5 arrows You feel better.
The orc becomes distracted by the nearby gold, dreaming of imaginary riches.
You block the gnoll's attack.
The orc shouts!
You slash the orc warrior! You freeze the orc warrior.
The orc warrior is heavily wounded.
You block the orc warrior's attack.
You barely miss the orc warrior. Your bite misses the orc warrior.
The orc warrior is heavily wounded.
You block the gnoll's attack.
The orc warrior hits you with a +2 dire flail of holy wrath!
* * * LOW HITPOINT WARNING * * *
You convulse!
You die...
Your body crumbles into a pile of gold.

**,**,********,.(.,.#*,**********
*^**,* **#....##,,,,,,,,,,,
*,**,* #.#...#*********** **,**,*
#o....# ,,,,,,******* #.##..#
**,,,,,,,,,,* #o$..#*
,*,********,* #g##.# ,,,***** *,*
#o##.# ********
,,,,,,,***#.####@##.## *,,,,,,,
,*****,,,.........(..# *,******
,* *,,,........##..# *,* ,*
*,**###.##(###..# *,* ,* *,*
#,*#.* #..# *,* ,*****,** *,*#.*
#..# *,* ,,,,,,,,*
**,*#.###..#####.# ,,,***,,*
*,,..........<...# *,**
*,,***,,##.############


You could see an orc warrior, a gnoll and 2 orcs.

Vanquished Creatures
  Gastronok (D:10)
  Harold (D:10)
  Erica (D:10)
  A centaur warrior (D:8)
  A two-headed ogre (D:10)
  Joseph (D:8)
  A komodo dragon (Lair:1)
  4 trolls
  4 hippogriffs
  A steam dragon (D:10)
  A water moccasin (D:5)
  6 orc warriors
  A sky beast (D:9)
  5 ice beasts
  A black bear (D:10)
  2 necrophages
  8 ogres
  2 phantoms
  2 centaurs
  2 crocodiles
  3 big kobolds
  3 bullfrogs
  7 gnoll sergeants
  A wyvern skeleton (D:10)
  A scorpion (D:6)
  14 wights
  3 howler monkeys (D:8)
  A bullfrog zombie (D:8)
  2 jellies
  Crazy Yiuf (D:4)
  6 orc priests
  A gnoll shaman (D:7)
  6 hounds
  7 orc wizards
  Terence (D:2)
  3 iguanas
  6 worker ants
  18 gnolls
  A worker ant zombie (D:5)
  11 adders
  A howler monkey skeleton (D:10)
  A howler monkey zombie (D:6)
  2 shadow imps
  4 white imps
  4 ufetubi
  An adder skeleton (D:9)
  3 worms
  9 leopard geckos
  39 orcs
  6 bats
  5 giant cockroaches
  11 goblins
  4 hobgoblins
  24 jackals
  A quokka (D:3)
  4 ball pythons
  10 frilled lizards
  7 kobolds
  10 rats
  A rat zombie (D:3)
289 creatures vanquished.

Notes
Turn   | Place    | Note
-------+----------+-------------------------------------------
     0 | D:1      | KristoblXynda the Vampire Gladiator began the quest for the
                  | Orb.
     0 | D:1      | Reached XP level 1. HP: 16/16 MP: 1/1
   285 | D:1      | Reached XP level 2. HP: 7/22 MP: 2/2
   865 | D:2      | Reached XP level 3. HP: 24/27 MP: 3/3
  1082 | D:2      | Reached skill level 1 in Stealth
  1177 | D:2      | Noticed Terence
  1192 | D:2      | Killed Terence
  1192 | D:2      | Reached XP level 4. HP: 34/34 MP: 4/4
  1514 | D:3      | Found an opulent altar of Gozag.
  1542 | D:3      | Became a worshipper of Gozag Ym Sagoz the Greedy
  1841 | D:3      | Found a blossoming altar of Fedhas.
  1868 | D:3      | Found a glowing silver altar of Zin.
  1921 | D:3      | Reached XP level 5. HP: 39/39 MP: 5/5
  1949 | D:3      | Found a bloodstained altar of Trog.
  2101 | D:3      | Found an ancient bone altar of Kikubaaqudgha.
  2419 | D:4      | Reached XP level 6. HP: 25/47 MP: 6/6
  2540 | D:4      | Found a stormy altar of Qazlal.
  2763 | D:4      | HP: 2/47 [ogre/+0 giant club (22)]
  2771 | D:4      | Reached skill level 5 in Dodging
  2894 | D:4      | Reached skill level 1 in Armour
  2894 | D:4      | Reached skill level 1 in Shields
  3240 | D:4      | Reached XP level 7. HP: 46/52 MP: 7/7
  3346 | D:4      | Found a runed translucent door.
  3347 | D:4      | Noticed Crazy Yiuf
  3413 | D:4      | Killed Crazy Yiuf
  3509 | D:5      | Entered Level 5 of the Dungeon
  3532 | D:5      | Reached skill level 5 in Long Blades
  3548 | D:5      | Found Zugguab's Weapon Shop.
  3606 | D:5      | Found Tahyvi Ekyda's Antique Armour Emporium.
  4055 | D:5      | Found Adeluar's Antique Weapon Shop.
  4173 | D:5      | Found a snail-covered altar of Cheibriados.
  4226 | D:5      | Reached XP level 8. HP: 11/58 MP: 8/8
  5078 | D:6      | Found a staircase to the Ecumenical Temple.
  5237 | D:6      | Found a burning altar of Makhleb.
  5270 | D:6      | Found Tih Zauc's Magic Scroll Shoppe.
  5281 | D:6      | Bought a scroll of noise for 11 gold pieces
  5989 | D:5      | Bought the +0 mask of the Dragon {MR+ Slay+3 SInv} for 801
                  | gold pieces
  5989 | D:5      | Found the +0 mask of the Dragon {MR+ Slay+3 SInv}
  6052 | Temple   | Entered the Ecumenical Temple
  6255 | D:7      | Noticed a hippogriff
  6272 | D:7      | Found a hazy altar of Hepliaklqana.
  6278 | D:7      | Killed a hippogriff
  6464 | D:7      | Reached XP level 9. HP: 64/64 MP: 9/9
  6718 | D:7      | Reached skill level 5 in Stealth
  7403 | D:8      | Noticed a troll
  7407 | D:8      | Noticed a centaur warrior
  7430 | D:8      | Killed a troll
  7462 | D:8      | Killed a centaur warrior
  7463 | D:8      | Reached skill level 5 in Armour
  7689 | D:8      | Reached XP level 10. HP: 35/70 MP: 10/10
  8003 | D:8      | Noticed Joseph
  8262 | D:8      | Found the ring of Shadows {Umbra +Inv Stlth+}
  8304 | D:8      | Killed Joseph
  9488 | D:10     | Entered Level 10 of the Dungeon
  9651 | D:10     | Found a staircase to the Lair.
  9671 | D:10     | Noticed Erica
  9678 | D:10     | Noticed a two-headed ogre
  9708 | D:10     | Killed a two-headed ogre
  9708 | D:10     | Reached skill level 10 in Stealth
  9718 | D:10     | Killed Erica
  9864 | D:10     | Reached XP level 11. HP: 33/75 MP: 11/11
 10034 | D:10     | Noticed Gastronok
 10085 | D:10     | Killed Gastronok
 10085 | D:10     | Reached skill level 10 in Dodging
 10085 | D:10     | Reached skill level 1 in Evocations
 10196 | D:10     | Noticed Harold
 10214 | D:10     | Killed Harold
 10535 | D:10     | Found a staircase to the Orcish Mines.
 10795 | Lair:1   | Entered Level 1 of the Lair of Beasts
 11045 | D:11     | Slain by an orc warrior

Illustrated notes

Levels and vault maps discovered:
D:1:      scummos_arrival_simple_fountains, layout_basic
D:2:      layout_rooms, serial_rivers, chequers_serial_rivers_small_b,
          chequers_serial_rivers_micro_c, chequers_serial_rivers_room_b,
          chequers_serial_rivers_large_b, chequers_serial_rivers_micro_c,
          chequers_serial_rivers_room_a, chequers_garden, uniq_terence
D:3:      layout_basic, lemuel_zombie_altar_kikubaaqudgha,
          nicolae_overflow_crystal_walls, lemuel_doored_altar,
          overflow_temple_1_default, zin_academy, minmay_fractal_squares_5
D:4:      layout_basic, grunt_qazlal_sundering, uniq_crazy_yiuf_cottage
D:5:      layout_layer_cave, lemuel_round_altar, serial_shops, shop,
          shop_fountains, shop
D:6:      layout_cave_pods, overflow_temple_1_default,
          minmay_temple_entry_large_hall, serial_shops, shop,
          nrook_mini_backslash
D:7:      layout_layer_cave, kennysheep_mini
D:8:      minmay_cut_squares, layout_basic, uniq_joseph
D:9:      layout_irregular_city
D:10:     layout_rooms, lair_entry_dummy,
          kennysheep_orc_monster_closet_entryway, uniq_gastronok, uniq_erica,
          uniq_harold
D:11:     layout_loops_ring, portal_ice_cave_entry_ice_beasts, minmay_between
Temple:   nicolae_temple_god_jail
Lair:1:   layout_regular_city

Skill      XL: |  1  2  3  4  5  6  7  8  9 10 11 |
---------------+----------------------------------+-----
Fighting       | 2 3 |  3.5
Throwing       | 2 |  2.0
Stealth        | 1 2 3 4 7 10 | 10.3
Dodging        | 4 5 6 7 8 9 10 | 10.7
Long Blades    | 4 5 6 7 9 |  9.9
Armour         | 1 2 3 5 6 7 |  7.3
Shields        | 1 2 4 |  4.2
Evocations     | 3 |  3.2

Action                   |  1- 3 |  4- 6 |  7- 9 | 10-12 || total
-------------------------+-------+-------+-------+-------++-------
Melee: Long sword        |   115 |   237 |   328 |   218 ||   898
       Bite              |    12 |    34 |    57 |    35 ||   138
       Scimitar          |       |       |       |   132 ||   132
Evoke: Wand              |       |       |     2 |       ||     2
  Use: Scroll            |       |    10 |    11 |    11 ||    32
       Potion            |       |     1 |     4 |     4 ||     9
 Stab: Sleeping          |     1 |       |     1 |    10 ||    12
       Distracted        |       |     1 |     5 |       ||     6
Armor: Leather armour    |    47 |       |       |       ||    47
       Scale mail        |       |   106 |   105 |    71 ||   282
       Skin              |       |       |    21 |     1 ||    22
Dodge: Dodged            |   118 |   166 |   196 |   171 ||   651
Block: Buckler           |       |       |    77 |   153 ||   230
       Reflection        |       |       |       |     2 ||     2
       Rpst.: Long sword |    20 |    56 |    63 |    30 ||   169
       Scimitar          |       |       |       |     9 ||     9

Table legend: (Time is in decaauts)
 A = Elapsed time spent in this place.
 B = Non-inter-level travel time spent in this place.
 C = Inter-level travel time spent in this place.
 D = Time resting spent in this place.
 E = Time spent auto-exploring this place.
 F = Levels seen in this place.
 G = Mean time per level.
                   A        B        C        D        E       F      G
               +--------+--------+--------+--------+--------+-----+--------+
         Total |  11199 |  10638 |    561 |   1617 |   6113 |  13 |  861.5 |
       Dungeon |  10984 |  10436 |    548 |   1512 |   6056 |  11 |  998.5 |
        Temple |     71 |     58 |     13 |      0 |     57 |   1 |   71.0 |
          Lair |    142 |    142 |      0 |    105 |      0 |   1 |  142.0 |
               +--------+--------+--------+--------+--------+-----+--------+

Top non-repeatable levels by time:
     D:5: 1676 daAuts
    D:10: 1369 daAuts
     D:4: 1367 daAuts
     D:8: 1235 daAuts
     D:7: 1229 daAuts
     D:6: 916 daAuts
     D:2: 879 daAuts
     D:9: 874 daAuts
     D:3: 706 daAuts
     D:1: 671 daAuts
  Lair:1: 142 daAuts
  Temple: 71 daAuts
    D:11: 58 daAuts
